Description

marus early drop - hellions - bansh - bio wm tank - ghosts optimized w early bunker to stop roach allins, cuz no scout impossible to defend wthout bunker.

Replay - tvz early drop - hell bansh- bio wm tnk - ghost - optimized w early bunker (roach)

Build Order

Get SALT Encoding   

  12  0:00  SCV  
  13  0:12  SCV  
  14  0:19  Supply Depot  
  14  0:24  SCV  
  15  0:40  SCV  
  15  0:42  Barracks  
  16  0:45  Refinery  
  16  0:53  SCV  
  17  1:05  SCV  
  18  1:17  SCV  
  19  1:31  Orbital Command, Marine  
  20  1:46  Command Center  
  20  1:57  Factory  
  20  2:00  SCV  
  21  2:08  Barracks Reactor  
  21  2:12  SCV  
  21  2:13  Supply Depot  
  22  2:24  SCV  
  22  2:25  Bunker  
  22  2:29  Refinery  
  23  2:36  SCV  
  24  2:45  Starport  
  24  2:47  Marine x2  
  24  2:51  SCV  
  27  2:56  Hellion  
  29  3:04  Orbital Command  
  29  3:09  SCV  
  30  3:15  Marine x2  
  30  3:18  Widow Mine  
  34  3:23  Medivac  
  34  3:26  SCV  
  37  3:33  SCV  
  38  3:38  SCV  
  39  3:45  SCV  
  40  3:50  SCV, Supply Depot, Hellion x2  
  40  3:51  Barracks Tech Lab  
  45  3:57  SCV  
  45  3:58  Starport Tech Lab  
  46  4:11  SCV x2, Hellion x2  
  46  4:12  Supply Depot  
  52  4:17  Cloaking Field  
  52  4:23  SCV x2  
  54  4:34  Banshee  
  54  4:35  SCV x2  
  59  4:39  Command Center  
  59  4:46  Stimpack  
  59  4:48  SCV, Supply Depot  
  60  4:55  Factory Reactor  
  60  4:57  SCV x2  
  60  4:58  Barracks  
  62  5:09  Marine  
  62  5:10  SCV  
  62  5:13  Supply Depot  
  64  5:16  Engineering Bay x2  
  64  5:17  Banshee  
  64  5:21  SCV x2  
  69  5:31  Refinery  
  69  5:33  SCV  
  70  5:36  Barracks  
  70  5:39  SCV  
  70  5:40  Factory Reactor  
  70  5:42  Supply Depot, Marine  
  72  5:45  SCV  
  72  5:49  Marine x2  
  74  5:51  SCV  
  76  5:57  SCV  
  76  6:00  Marine  
  79  6:05  Terran Infantry Weapons Level 1, Terran Infantry Armor Level 1  
  79  6:07  Marine x2  
  79  6:10  SCV x2, Refinery  
  79  6:11  Orbital Command  
  82  6:18  Marine  
  83  6:22  SCV  
  83  6:24  Barracks x2  
  83  6:25  Marine x2  
  85  6:29  Medivac x2  
  85  6:31  SCV x2, Widow Mine x2  
  95  6:35  Marine  
  95  6:36  Supply Depot  
  97  6:40  SCV x2  
  97  6:42  Armory  
  97  6:46  Combat Shield, Marine x2  
  101  6:58  SCV  
  101  7:00  Marine x3, Factory  
  104  7:04  SCV x2  
  104  7:05  Supply Depot  
  104  7:07  Widow Mine  
  109  7:13  Barracks Reactor x2  
  109  7:23  Command Center  
  109  7:26  SCV x3, Widow Mine  
  109  7:28  Supply Depot x2  
  109  7:29  Marine x3  
  114  7:31  Medivac x2  
  121  7:38  SCV x2  
  121  7:39  Barracks Reactor  
  121  7:42  Widow Mine  
  125  7:49  Marine x7  
  125  7:50  SCV, Widow Mine  
  130  7:56  Supply Depot  
  136  7:58  SCV x2  
  136  8:04  Supply Depot  
  136  8:05  SCV  
  138  8:10  SCV x2  
  138  8:11  Supply Depot  
  140  8:12  Refinery x2  
  140  8:20  SCV x2, Marine x6  
  148  8:28  Siege Tank  
  148  8:32  Drilling Claws  
  148  8:33  Widow Mine x2  
  155  8:40  SCV x2  
  157  8:44  Planetary Fortress  
  157  8:45  Supply Depot x2  
  157  8:48  Marine x5  
  162  9:01  Ghost Academy  
  162  9:05  Barracks x3  
  162  9:07  Marine x5  
  171  9:10  Widow Mine x2, Siege Tank  
  171  9:17  Medivac x2  
  176  9:19  Supply Depot  
  178  9:24  Missile Turret x3  
  178  9:30  Marine x5  
  184  9:31  Widow Mine x2  
  187  9:43  Siege Tank  
  190  9:52  Barracks Tech Lab x3  
  190  9:53  Marine x5  
Spawning Tool Build Advisor. Get it on Overwolf

Go to:

Details

  • Created by: lucahecker
  • Published on: Feb 17, 2022
  • Modified on: Feb 17, 2022
  • Patch: 4.11.0
  • Difficulty: Hard
Show
View Real Time Build Order
Export as new Build Order

Comments (0)

There are no comments. Be the first!

Create an account to comment!